 Dungeon Crawl Stone Soup version 0.28.0-53-g5a82cb258f (webtiles) character file.

Game seed: 10450770564450908451

13811 DemonSlayer the Thaumaturge (level 11, -5/72 HPs)
             Began as a Demonspawn Fire Elementalist on July 29, 2022.
             Was an Elder of Cheibriados.
             Killed from afar by a fire dragon (27 damage)
             ... with a blast of flame
             ... on level 11 of the Dungeon.
             The game lasted 00:51:24 (17265 turns).

DemonSlayer the Thaumaturge (DsFE)                 Turns: 17265, Time: 00:51:26

Health: -5/72      AC: 13    Str: 18    XL:     11   Next: 80%
Magic:  19/26      EV: 15    Int: 31    God:    Cheibriados [****..]
Gold:   408        SH:  0    Dex: 26    Spells: 3/33 levels left

rFire   . . .      SeeInvis .   w - +4 halberd
rCold   . . .      Faith    .   (shield currently unavailable)
rNeg    . . .      Spirit   .   j - +2 troll leather armour
rPois   .          Reflect  .   (helmet restricted)
rElec   .          Harm     .   (no cloak)
rCorr   .          Rampage  .   (no gloves)
Will    .....                   r - +0 pair of boots
Stlth   +++.......              o - amulet of the acrobat
HPRegen 1.02/turn               f - +4 ring of protection
MPRegen 0.20/turn               (no ring)

@: slowed, very slow
A: antennae 2, icy blue scales 1, icemail 1, powered by death 1, condensation
shield, agile 1, wild magic 1
a: Renounce Religion, Bend Time, Temporal Distortion, Slouch


You were on level 11 of the Dungeon.
You worshipped Cheibriados.
Cheibriados was greatly pleased with you.
You visited 2 branches of the dungeon, and saw 12 of its levels.

You collected 632 gold pieces.
You spent 224 gold pieces at shops.

Inventory:

Hand Weapons
 s - a +6 dagger
 w - a +4 halberd (weapon)
Missiles
 u - 73 sling bullets
Armour
 b - an orb of guile
 c - a +3 leather armour of poison resistance
 j - a +2 troll leather armour (worn)
 l - the +0 robe of Xiowaeco {rF+}
   (You found it on level 5 of the Dungeon)

   rF:        It protects you from fire.
 r - a +0 pair of boots (worn)
 z - a +0 plate armour of cold resistance
Jewellery
 f - a +4 ring of protection (left hand)
 k - an amulet of reflection
 o - an amulet of the acrobat (around neck)
Wands
 n - a wand of paralysis (1)
 y - a wand of digging (7)
Scrolls
 a - a scroll of teleportation
 d - 4 scrolls of blinking
 g - a scroll of silence
 h - a scroll of amnesia
 p - a scroll of immolation
Potions
 i - 5 potions of flight
 m - 2 potions of lignification


   Skills:
 + Level 2.2 Fighting
 + Level 1.7 Short Blades
 + Level 2.8 Polearms
 + Level 3.3 Armour
 + Level 4.0 Dodging
 + Level 3.3 Stealth
 + Level 2.8 Shields
 + Level 11.6 Spellcasting
 + Level 3.2 Conjurations
 + Level 2.1 Hexes
 + Level 0.7 Summonings
 + Level 10.5 Fire Magic
 + Level 0.5 Evocations


You had 3 spell levels left.
You knew the following spells:

 Your Spells              Type           Power      Damage    Failure   Level
a - Foxfire               Conj/Fire      100%       2x1d9     1%          1
b - Scorch                Fire           100%       2d10      1%          2
c - Conjure Flame         Conj/Fire      68%        6-21      1%          3
d - Flame Wave            Conj/Fire      68%        2d13      3%          4
e - Tukima's Dance        Hex            40%        N/A       7%          3
f - Call Canine Familiar  Summ           29%        N/A       12%         3
g - Portal Projectile     Hex/Tloc       64%        N/A       10%         3
h - Leda's Liquefaction   Hex/Erth       16%        N/A       28%         4
i - Summon Guardian Gole  Hex/Summ       35%        N/A       9%          3
j - Passage of Golubria   Tloc           23%        N/A       41%         4

Your spell library contained the following spells:

 Spells                   Type           Power      Damage    Failure   Level
 Inner Flame              Hex/Fire       65%        N/A       1%          3
 Summon Small Mammal      Summ           100%       N/A       4%          1
 Animate Skeleton         Necr           46%        N/A       5%          1
 Pain                     Necr           92%        1d8       5%          1
 Corpse Rot               Necr/Air       46%        N/A       8%          2
 Poisonous Vapours        Pois/Air       46%        N/A       8%          2
 Vampiric Draining        Necr           23%        2d7       14%         3
 Yara's Violent Unravell  Hex/Tmut       16%        3d8       61%         5
 Malign Gateway           Summ/Tloc      13%        N/A       100%        7
 Summon Horrible Things   Summ           14%        N/A       100%        8


Dungeon Overview and Level Annotations

Branches:
Dungeon (11/15)            Temple (1/1) D:7            Lair (0/6) D:11
    Orc: D:9-12

Altars:
Cheibriados
Elyvilon
Gozag
Hepliaklqana
Kikubaaqudgha
Yredelemnul
Zin
The Shining One
Lugonu

Shops:
D:1 !   D:5 *   D:11 ?

Portals:
Abyss: D:11
Trove: D:11 (show abyssal rune of Zot)

Annotations:
D:10 2 transporters
D:11 2 runed translucent doors


Innate Abilities, Weirdness & Mutations

You have a pair of antennae on your head.
You are partially covered in icy blue scales. (AC +2)
A meltable icy envelope protects you from harm. (AC +0)
You regenerate a little health from kills.
A meltable shield of frost defends you. (SH +0)
You are agile. (Dex +2)
Your spells are a little harder to cast, but a little more powerful.


Message History

You feel as though you will be slow longer.
The wraith closely misses you.
You hit the wraith.
You destroy the wraith!
Cheibriados thoroughly appreciates the change of pace.
Your Fighting skill increases to level 2!
No target in view!
No target in view!
No target in view!
A fire dragon is nearby!
A fire dragon is nearby!
A fire dragon is nearby!
A fire dragon is nearby!
A fire dragon is nearby!
The fire dragon roars deafeningly!
The fire dragon's front talons twitch.
A guardian golem appears, shielding your allies.
The fire dragon breathes flames at you. The blast of flame hits you!!!
Your icy defenses dissipate!
Ouch! That really hurt!
Unknown command.
The fire dragon breathes flames at you. The blast of flame misses you.
Your hound bites the fire dragon but does no damage.
Okay, then.
Okay, then.
Your hound bites the fire dragon but does no damage. x2
The fire dragon bites your guardian golem.
The fire dragon claws your guardian golem!
The fire dragon tramples your guardian golem!
Your guardian golem stumbles backwards!
Your hound bites the fire dragon.
You feel better.
You hit the fire dragon.
The fire dragon is lightly wounded.
The fire dragon bites you! The fire dragon claws you!
The fire dragon tramples you but does no damage.
The fire dragon breathes flames at you. The blast of flame hits you!!
You die...

...........##.............)......
..........##.....................
#................................
#................................
.....(...........................
...............#.#...............
...#.....#.#..#####..............
...#......∩....#.#...............
.........#.#....@...............Z
.........#......#D#..#...........
.................9#..####........
...).....##.....{.....# ##.......
##.......#...............#...D☼..
.#†#.........................§W§.
..§##)......#....[...........#§..
....#.......#.................$..
............##................≈≈.


You could see a fire dragon (catching breath, ally target) and a friendly
guardian golem (summoned).

Vanquished Creatures
  A hydra (D:11)
  4 two-headed ogres
  Pikel (D:9)
  A cyclops (D:10)
  Prince Ribbit (D:6)
  4 trolls
  A meliai zombie (D:11)
  Sigmund (D:2)
  2 wyverns
  21 yaks
  A wraith (D:11)
  3 vampire mosquitoes (D:11)
  Menkaure (D:7)
  A water moccasin (D:6)
  7 orc warriors
  A sky beast (D:7)
  A black bear (D:6)
  2 necrophages
  2 ogres
  7 centaurs
  The ghost of Sin92 the Skirmisher, an amateur DsFi (D:4)
  A phantom (D:7)
  4 lemures (D:9)
  3 kobold brigands
  2 scorpions
  A wyvern skeleton (D:6)
  18 killer bees
  8 wights
  3 centaur zombies
  A bullfrog zombie (D:5)
  7 orc priests
  A gnoll shaman (D:6)
  3 hounds
  4 centaur skeletons
  A scorpion zombie (D:4)
  An iguana (D:7)
  6 orc wizards
  3 gnolls (D:4)
  6 adders
  A shadow imp (D:8)
  A white imp (D:6)
  A worm (D:2)
  A dart slug (D:4)
  30 orcs
  8 ball pythons
  5 endoplasms
  6 giant cockroaches
  6 goblins
  7 hobgoblins
  A jackal (D:2)
  17 kobolds
  6 quokkas
  3 bats
  3 frilled lizards
  7 rats
240 creatures vanquished.

Vanquished Creatures (collateral kills)
  A centaur (D:11)
  5 foxfires (D:1)
6 creatures vanquished.

Vanquished Creatures (others)
  A wraith (D:11)
  A yak (D:10)
  A dancing weapon (D:9)
  A butterfly (D:11)
  460 foxfires
464 creatures vanquished.

Grand Total: 710 creatures vanquished

Notes
Turn   | Place    | Note
-------+----------+-------------------------------------------
     0 | D:1      | DemonSlayer the Demonspawn Fire Elementalist began the
                  | quest for the Orb.
     0 | D:1      | Reached XP level 1. HP: 13/13 MP: 3/3
   284 | D:1      | Gained mutation: You have a pair of small antennae on your
                  | head. [demonic ancestry]
   284 | D:1      | Reached XP level 2. HP: 19/19 MP: 0/5
   344 | D:1      | Learned a level 2 spell: Scorch
   958 | D:1      | Found Kuih's Distillery.
  1047 | D:1      | Gained mutation: A meltable shield of frost defends you.
                  | (SH +0) [demonic ancestry]
  1047 | D:1      | Reached XP level 3. HP: 24/24 MP: 1/6
  1291 | D:1      | Found a faded altar of an unknown god.
  1395 | D:1      | Learned a level 3 spell: Conjure Flame
  2240 | D:2      | Noticed Sigmund
  2835 | D:2      | Killed Sigmund
  2836 | D:2      | Reached skill level 1 in Armour
  2836 | D:2      | Reached skill level 3 in Spellcasting
  2836 | D:2      | Reached XP level 4. HP: 28/30 MP: 0/9
  2836 | D:2      | Gained mutation: You regenerate a little health from kills.
                  | [demonic ancestry]
  2836 | D:2      | Reached XP level 5. HP: 33/35 MP: 0/10
  3389 | D:3      | Learned a level 4 spell: Flame Wave
  3762 | D:4      | Noticed a necrophage
  3762 | D:4      | Noticed an ogre
  3768 | D:3      | Killed a necrophage
  3769 | D:3      | Reached skill level 4 in Spellcasting
  3769 | D:3      | Reached XP level 6. HP: 41/41 MP: 4/12
  4229 | D:4      | Found a runed translucent gate.
  4229 | D:4      | Found a runed translucent gate.
  4229 | D:4      | Found a runed translucent gate.
  4229 | D:4      | Noticed Sin92's ghost (amateur DsFi)
  4231 | D:4      | Found a basalt altar of Yredelemnul.
  4502 | D:4      | Gained mutation: You are partially covered in icy blue
                  | scales. (AC +2) [demonic ancestry]
  4502 | D:4      | Reached XP level 7. HP: 47/47 MP: 5/13
  4506 | D:4      | Learned a level 3 spell: Tukima's Dance
  4828 | D:5      | Entered Level 5 of the Dungeon
  5071 | D:5      | Reached skill level 5 in Fire Magic
  5117 | D:5      | Reached skill level 5 in Spellcasting
  5199 | D:5      | Found Qomof's Elemental Accessories.
  6063 | D:6      | Reached skill level 1 in Short Blades
  6508 | D:6      | Gained mutation: You have a pair of antennae on your head.
                  | [demonic ancestry]
  6508 | D:6      | Reached XP level 8. HP: 53/53 MP: 8/16
  6611 | D:6      | Noticed a troll
  6782 | D:5      | Identified the +0 robe of Xiowaeco {rF+}
  6803 | D:6      | Reached skill level 6 in Spellcasting
  7095 | D:6      | Noticed Prince Ribbit
  7132 | D:6      | Killed Prince Ribbit
  7133 | D:6      | Reached skill level 1 in Shields
  7133 | D:6      | Reached skill level 7 in Spellcasting
  7141 | D:6      | Learned a level 3 spell: Call Canine Familiar
  7145 | D:6      | Learned a level 3 spell: Portal Projectile
  7356 | D:6      | Reached XP level 9. HP: 54/58 MP: 8/19
  7734 | D:7      | Found a staircase to the Ecumenical Temple.
  7807 | Temple   | Entered the Ecumenical Temple
  7920 | Temple   | Became a worshipper of Cheibriados the Contemplative
  8632 | D:7      | Noticed Menkaure
  8637 | D:7      | Killed Menkaure
  8776 | D:7      | Learned a level 4 spell: Leda's Liquefaction
  9226 | D:8      | Reached skill level 8 in Spellcasting
  9583 | D:8      | Reached * piety under Cheibriados
  9586 | D:8      | Reached skill level 1 in Fighting
  9694 | D:8      | Paralysed by an orc warrior for 5 turns
 10209 | D:8      | Reached ** piety under Cheibriados
 10483 | D:6      | Killed a troll
 10641 | D:1      | Bought a potion of mutation for 80 gold pieces
 10641 | D:1      | Bought a potion of curing for 30 gold pieces
 10641 | D:1      | Bought a potion of curing for 30 gold pieces
 10915 | D:4      | Killed Sin92's ghost
 10916 | D:4      | Reached skill level 9 in Spellcasting
 11109 | D:9      | Reached XP level 10. HP: 43/65 MP: 9/23
 11504 | D:9      | Identified the +0 ring mail "Teifroz" {rElec rC+}
 11511 | D:9      | Noticed Pikel
 11522 | D:9      | Killed Pikel
 11940 | D:9      | Noticed a two-headed ogre
 11958 | D:9      | Killed a two-headed ogre
 12327 | D:9      | Reached *** piety under Cheibriados
 12333 | D:9      | Reached skill level 10 in Spellcasting
 12441 | D:9      | Learned a level 3 spell: Summon Guardian Golem
 12621 | D:10     | Entered Level 10 of the Dungeon
 12621 | D:10     | Noticed a cyclops
 12624 | D:10     | Noticed a two-headed ogre
 14403 | D:10     | Found a transporter.
 14404 | D:10     | Found a transporter.
 14404 | D:10     | Noticed a boulder beetle
 15269 | D:10     | Gained mutation: A meltable icy envelope protects you from
                  | harm. (AC +0) [demonic ancestry]
 15269 | D:10     | Reached XP level 11. HP: 70/70 MP: 1/25
 15302 | D:10     | Reached skill level 1 in Polearms
 15642 | D:10     | Killed a two-headed ogre
 15643 | D:10     | Reached skill level 11 in Spellcasting
 15643 | D:10     | Reached skill level 10 in Fire Magic
 15831 | D:10     | Reached **** piety under Cheibriados
 16036 | D:10     | Learned a level 4 spell: Passage of Golubria
 16093 | D:11     | Found Luozaoss's Magic Scroll Emporium.
 16093 | D:11     | Noticed a two-headed ogre
 16107 | D:11     | Killed a two-headed ogre
 16108 | D:11     | Reached skill level 1 in Hexes
 16252 | D:11     | Noticed a two-headed ogre
 16260 | D:11     | Killed a two-headed ogre
 16341 | D:11     | Gained mutation: Your spells are a little harder to cast,
                  | but a little more powerful. [potion of mutation]
 16341 | D:11     | Gained mutation: You are agile. (Dex +2) [potion of
                  | mutation]
 16761 | D:11     | Bought a scroll of teleportation for 42 gold pieces
 16761 | D:11     | Bought a scroll of teleportation for 42 gold pieces
 16783 | D:11     | Found a large runed translucent door.
 16783 | D:11     | Found a large runed translucent door.
 16837 | D:11     | Found a corrupted altar of Lugonu.
 16838 | D:11     | Noticed a red ugly thing
 16856 | D:11     | Found a portal to a secret trove of treasure.
 16900 | D:11     | Noticed a four-headed hydra
 16917 | D:11     | Killed a four-headed hydra
 16990 | D:11     | Found a staircase to the Lair.
 16991 | D:11     | Noticed a fire dragon
 17228 | D:11     | Found a one-way gate to the infinite horrors of the Abyss.
 17228 | D:11     | Noticed a green ugly thing
 17265 | D:11     | Killed from afar by a fire dragon

Illustrated notes

Levels and vault maps discovered:
D:1:      lightli_arrival_chessboard, layout_basic, serial_shops, shop,
          shapermc_ecumenical_altar_hornbeckon
D:2:      layout_rooms, serial_curves, eino_curves_03, eino_curves_04,
          eino_curves_03, eino_curves_01, minmay_strange_pillars,
          dk_noncrumbling_4, minmay_pentomino_s4, uniq_sigmund
D:3:      layout_loops_ring
D:4:      layout_cave_pools, nicolae_yredelemnul_ghost_church
D:5:      layout_layer_cave, nicolae_elemental_shop
D:6:      layout_loops_ring, minmay_chambers_of_fives, uniq_prince_ribbit1
D:7:      layout_gridville, mainiacjoe_overflow_cross_hatched,
          minmay_temple_entry_ruins, uniq_menkaure
D:8:      layout_basic
D:9:      layout_stronghold, kennysheep_generic_room_7, uniq_pikel
D:10:     gammafunk_boulding_lane, layout_long_grid
D:11:     due_chaos_kobolds, layout_cave_pools, minmay_lair_entry_lava,
          serial_shops, nicolae_shop_crystal, enter_trove_0,
          nicolae_elyvilon_peaceful_grove
Temple:   mainiacjoe_temple_big_plus

Skill      XL: |  1  2  3  4  5  6  7  8  9 10 11 |
---------------+----------------------------------+-----
Fire Magic     | 3 4 5 6 8 9 10 | 10.5
Armour         | 1 2 3 |  3.3
Dodging        | 2 3 4 |  4.0
Stealth        | 2 3 |  3.3
Spellcasting   | 3 4 5 7 9 10 11 | 11.6
Conjurations   | 2 3 |  3.2
Short Blades   | 1 |  1.7
Shields        | 1 2 |  2.8
Fighting       | 1 2 |  2.2
Polearms       | 2 |  2.8
Hexes          | 2 |  2.1
Summonings     | |  0.7
Evocations     | |  0.5

Action                   |  1- 3 |  4- 6 |  7- 9 | 10-12 || total
-------------------------+-------+-------+-------+-------++-------
Melee: Unarmed           |     4 |       |       |       ||     4
       Dagger            |    13 |    14 |    51 |     9 ||    87
       Punch             |       |     1 |     1 |       ||     2
       Halberd           |       |       |       |    79 ||    79
Throw: Dart              |       |       |       |     1 ||     1
 Cast: Foxfire           |    78 |    29 |    82 |    87 ||   276
       Scorch            |    19 |    31 |   148 |   142 ||   340
       Conjure Flame     |       |       |     2 |     9 ||    11
       Flame Wave        |       |       |     2 |     3 ||     5
       Tukima's Dance    |       |       |       |     6 ||     6
       Summon Guardian G |       |       |       |     5 ||     5
       Call Canine Famil |       |       |       |     4 ||     4
       Leda's Liquefacti |       |       |       |     2 ||     2
       Portal Projectile |       |       |       |     1 ||     1
Evoke: Wand              |       |       |       |     8 ||     8
  Use: Scroll            |     2 |     4 |    11 |     9 ||    26
       Potion            |     2 |       |     4 |     9 ||    15
 Stab: Sleeping          |     2 |     2 |       |       ||     4
       Distracted        |       |       |       |     1 ||     1
Armor: Leather armour    |     5 |    15 |    73 |    41 ||   134
       Robe              |     1 |       |       |       ||     1
       Troll leather arm |       |       |       |    21 ||    21
       Skin              |       |       |       |    13 ||    13
Dodge: Dodged            |    17 |     8 |   104 |   124 ||   253
Block: Other             |     2 |     8 |    15 |    37 ||    62
       Orb               |       |       |    10 |     7 ||    17
